 Dungeon Crawl Stone Soup version 0.22-a0-396-g3f858e3 (webtiles) character file.

82 Firecrotchwizard the Firebug (level 4, -2/24 HPs)
             Began as a Deep Elf Fire Elementalist on May 3, 2018.
             Slain by a centaur (8 damage)
             ... on level 3 of the Dungeon.
             The game lasted 00:08:06 (2919 turns).

Firecrotchwizard the Firebug (DEFE)                 Turns: 2919, Time: 00:08:07

Health: -2/24      AC:  1    Str:  5    XL:     4   Next: 21%
Magic:  7/11       EV: 13    Int: 23    God:
Gold:   62         SH:  0    Dex: 15    Spells: 6/10 levels left

rFire    . . .     SeeInvis .   a - +1 hunting sling
rCold    . . .     Gourm    .   (no shield)
rNeg     . . .     Faith    .   g - +0 robe
rPois    .         Spirit   .   (no helmet)
rElec    .         Reflect  .   q - -2 cloak (curse)
rCorr    .         Harm     .   (no gloves)
MR       .....                  (no boots)
Stlth    ++........             (no amulet)
HPRegen  0.08/turn              f - +2 ring of intelligence
MPRegen  0.12/turn              (no ring)

@: no status effects
A: no striking features
a: no special abilities


You were on level 3 of the Dungeon.
You were not hungry.

You visited 1 branch of the dungeon, and saw 3 of its levels.

You collected 62 gold pieces.

Inventory:

Hand Weapons
 a - a +1 hunting sling (weapon)
   (You found it on level 1 of the Dungeon)
 b - a +0 dagger
   (You took it off a kobold on level 2 of the Dungeon)
 l - a cursed -3 whip
   (You found it on level 2 of the Dungeon)
Missiles
 h - 70 stones (quivered)
Armour
 g - a +0 robe (worn)
 j - a +0 leather armour of cold resistance
   (You found it on level 1 of the Dungeon)
 q - a cursed -2 cloak (worn)
   (You found it on level 3 of the Dungeon)
Jewellery
 f - a +2 ring of intelligence (left hand)
   (You found it on level 1 of the Dungeon)
Scrolls
 n - a scroll of enchant weapon
Potions
 d - 3 potions of brilliance
 k - a potion of resistance {unknown}
 m - a potion of degeneration {unknown}
 o - 2 potions of might {unknown}
 p - 3 potions of curing {unknown}
Comestibles
 c - 3 rations {@e1}
 i - 3 chunks of flesh {@w0}


   Skills:
 - Level 2.4 Dodging
 - Level 2.4 Stealth
 + Level 3.9 Spellcasting
 * Level 3.3 Conjurations
 + Level 3.9 Fire Magic


You had 6 spell levels left.
You knew the following spells:

 Your Spells              Type           Power        Failure   Level  Hunger
a - Flame Tongue          Conj/Fire      ###..        2%          1    None
c - Conjure Flame         Conj/Fire      ###.....     7%          3    ##.....


Dungeon Overview and Level Annotations

Branches:
Dungeon (3/15)

Altars:
Ru
Yredelemnul

Annotations:
D:2 1 runed door, Sigmund


Message History

It is a scroll of enchant weapon.
Your +0 hunting sling glows red for a moment.
As you read the scroll labeled NIESCH INWOK, it crumbles to dust.
It is a scroll of identify.
d - 3 potions of brilliance
As you read the scroll labeled OCAUQU BACROTT, it crumbles to dust.
You feel aware of your surroundings.
It was a scroll of magic mapping.
As you read the scroll labeled VAAHAW PAIDA, it crumbles to dust.
You feel strangely unstable.
It was a scroll of teleportation.
A rat comes into view.
Unknown command.
A rat is nearby!
Your surroundings suddenly seem different.
An adder and a rat come into view.
The flame tongue hits the rat.
You kill the rat!
You now have 10/11 mp.
p - 3 puce potions (gained 1)
You start resting.
MP restored: 11 The adder hisses angrily.
You can't see any susceptible monsters within range! (Use Z to cast anyway.)
Aim: an adder The flame tongue misses the adder.
You now have 10/11 mp.
Aim: an adder The flame tongue hits the adder.
You now have 9/11 mp.
Aim: an adder (almost dead) That beam is likely to hit you.
Continue anyway?
Okay, then.
Aim: an adder (almost dead) That beam is likely to hit you.
Continue anyway?
Okay, then.
Aim: an adder (almost dead) That beam is likely to hit you.
Continue anyway?
Okay, then.
Unknown command.
Aim: an adder (almost dead) That beam is likely to hit you.
Continue anyway?
Okay, then.
Unknown command.
Okay, then.
Unknown command.
The adder bites you.
You take 2 damage, and have 22/24 hp.
Aim: an adder (almost dead) That beam is likely to hit you.
Continue anyway?
Okay, then.
You don't know that spell.
The adder barely misses you.
Aim: an adder (almost dead)
The flame tongue misses the adder.
The adder bites you. The adder closely misses you.
You take 1 damage, and have 22/24 hp.
You now have 8/11 mp.
Aim: an adder (almost dead)
The flame tongue misses the adder.
The adder barely misses you.
You now have 7/11 mp.
Aim: an adder (almost dead)
The flame tongue hits the adder.
You kill the adder!
You see here an adder corpse.
You butcher the adder corpse.
i - 2 chunks of flesh {@w0} You see here a rat corpse.
You butcher the rat corpse.
i - 3 chunks of flesh {@w0} (gained 1)
You start resting.
Health restored: 24; MP restored: 11
Found an escape hatch in the ceiling.
Found a stone staircase leading down.
There is a stone staircase leading down here.
Found a stone staircase leading down.
Found an escape hatch in the floor.
There is an escape hatch in the floor here.
A centaur comes into view.
This spell is slightly dangerous to cast.
Memorise Sticky Flame, consuming 4 spell levels and leaving 2?
You start memorising the spell.
You continue memorising.
The centaur hits you.
Your memorisation is interrupted.
You take 1 damage, and have 23/24 hp.
Aim: a centaur The flame tongue hits the centaur.
The centaur hits you!
You take 7 damage, and have 16/24 hp.
MASSIVE DAMAGE!!
You now have 10/11 mp.
Aim: a centaur (moderately wounded)
The flame tongue hits the centaur.
The centaur appears unharmed.
The centaur closely misses you. The centaur hits you!
* * * LOW HITPOINT WARNING * * *
You take 9 damage, and have 7/24 hp.
MASSIVE DAMAGE!!
You now have 9/11 mp.
Aim: a centaur (moderately wounded)
The flame tongue hits the centaur.
The centaur hits you.
* * * LOW HITPOINT WARNING * * *
You take 1 damage, and have 6/24 hp.
You now have 8/11 mp.
Aim: a centaur (heavily wounded)
The flame tongue hits the centaur.
The centaur hits you!
You die...

≈≈≈≈≈≈≈≈≈≈≈≈≈≈≈≈≈≈≈≈≈≈≈≈≈≈≈≈≈≈≈≈≈
≈≈≈≈.,,,,,≈,≈,,≈≈,≈,≈≈≈.≈≈≈≈,,≈≈,
.....,,,..,,,,,,,,,,,...,,,,,,,,,
.....,,,...,,,,,,,,,....,,,,,,,,,
.....,,,....,,,,,,,...,,,,,,,****
##.#.***,*.c#*****#..,,,,*****
*,#,* *,,,..#* ##.###..#* ##.#,*
*,,*,#.###.#*#...# ....,*
*,**,*#.#@.# #...# ...#**
*,,,,**#c#.###...#
#..#****,,****#.#.##....#
*,..,,,,,,,,,,..#.##.#..#
*,*#***,,,***####>##.#>.### *,*
**,*,,,** #...........# *,*
*,**,,*,* #.#.##.#.##.# *,*
**,*,,,** #.#....#.##.# *,*
**,,,** #,##..##.##.#


You could see a centaur.

Vanquished Creatures
  2 adders
  An ooze (D:3)
  2 worms (D:3)
  2 dart slugs
  2 orcs (D:3)
  2 giant cockroaches
  5 goblins
  6 hobgoblins
  2 jackals (D:3)
  A quokka (D:2)
  5 bats
  A goblin zombie (D:2)
  A jackal zombie (D:2)
  11 kobolds
  5 rats
  4 toadstools (D:1)
52 creatures vanquished.

Notes
Turn   | Place    | Note
-------+----------+-------------------------------------------
     0 | D:1      | Firecrotchwizard the Deep Elf Fire Elementalist began the quest for the Orb.
     0 | D:1      | Reached XP level 1. HP: 10/10 MP: 6/6
   597 | D:1      | Reached XP level 2. HP: 15/15 MP: 6/8
   775 | D:1      | Reached skill level 2 in Conjurations
  1455 | D:2      | Reached XP level 3. HP: 16/19 MP: 6/10
  1618 | D:2      | Learned a level 3 spell: Conjure Flame
  1755 | D:2      | Found a runed door.
  1755 | D:2      | Noticed a human
  1830 | D:2      | Found a basalt altar of Yredelemnul.
  2110 | D:2      | Found a sacrificial altar of Ru.
  2177 | D:2      | Noticed Sigmund
  2337 | D:3      | Reached skill level 3 in Conjurations
  2557 | D:3      | Reached XP level 4. HP: 11/24 MP: 0/11
  2912 | D:3      | Noticed a centaur
  2918 | D:3      | HP: 6/24 [centaur (1)]
  2919 | D:3      | Slain by a centaur

Vault maps used:
D:1:      ldierk_water_garden, hangedman_abyss_or_decor_lesser_grid,
          moated_statue
D:2:      nicolae_ru_sacrificial_ziggurat, gammafunk_temple_overflow_wave,
          first_ration, dk_yredelemnul_ordeal, uniq_sigmund
D:3:      minmay_goblin_kobold_castle, minmay_misc_feat_diagonals, minivault_23

Skill      XL: |  1  2  3 |
---------------+----------+-----
Conjurations   | 2 3 |  3.3
Dodging        | |  2.4
Stealth        | |  2.4
Spellcasting   | |  3.9
Fire Magic     | |  3.9

Action                   |  1- 3 |  4- 6 || total
-------------------------+-------+-------++-------
Melee: Unarmed           |    22 |       ||    22
 Fire: Hunting sling     |    13 |       ||    13
Throw: Stone             |     7 |       ||     7
 Cast: Flame Tongue      |    94 |    12 ||   106
       Conjure Flame     |     2 |       ||     2
  Use: Scroll            |       |     4 ||     4
  Eat: Chunk             |     5 |     1 ||     6
Armor: Robe              |     6 |       ||     6
Dodge: Dodged            |    26 |     4 ||    30

Table legend:
 A = Spawn XP
 B = Non-spawn XP
 C = Spawn XP percentage of total XP
 D = Spawn monster count
 E = Non-spawn monster count
 F = Spawn count percentage of total count
 G = Total turns spent on level
                    A         B        C        D         E        F      G
               +---------+---------+-------+---------+---------+-------+---------
         Total |       0 |     118 |   0.0 |       0 |      48 |   0.0 |  2919
               +---------+---------+-------+---------+---------+-------+---------
           D:1 |       0 |      29 |   0.0 |       0 |      17 |   0.0 |  1357
           D:2 |       0 |      36 |   0.0 |       0 |      14 |   0.0 |   933
           D:3 |       0 |      53 |   0.0 |       0 |      17 |   0.0 |   629
               +---------+---------+-------+---------+---------+-------+---------

Vault maps used:
D:1:      ldierk_water_garden, hangedman_abyss_or_decor_lesser_grid,
          moated_statue
D:2:      nicolae_ru_sacrificial_ziggurat, gammafunk_temple_overflow_wave,
          first_ration, dk_yredelemnul_ordeal, uniq_sigmund
D:3:      minmay_goblin_kobold_castle, minmay_misc_feat_diagonals, minivault_23

Table legend:
 A = Turns spent in this place as a percentage of turns spent in the entire game.
 B = Non-inter-level travel turns spent in this place as a percentage of non-inter-level travel turns spent in the entire game.
 C = Inter-level travel turns spent in this place as a percentage of turns spent in this place.
 D = Turns resting spent in this place as a percentage of non-inter-level travel turns spent in this place.
 E = Turns spent auto-exploring this place as a percentage of non-inter-level travel turns spent in this place.
 F = Non-inter-level travel turns spent in this place divided by the number of levels of this place that you've seen.
                   A       B       C       D       E      F
               +-------+-------+-------+-------+-------+----------------------
         Total | 100.0 | 100.0 |   2.4 |  39.2 |  41.1 | 949.3
       Dungeon | 100.0 | 100.0 |   2.4 |  39.2 |  41.1 | 949.3
               +-------+-------+-------+-------+-------+----------------------

Table legend:
 A = Kills in this place as a percentage of kills in entire the game.
 B = Kills by you in this place as a percentage of kills by you in the entire game.
 C = Kills by friends in this place as a percentage of kills by friends in the entire game.
 D = Other kills in this place as a percentage of other kills in the entire game.
 E = Experience gained in this place as a percentage of experience gained in the entire game.
 F = Experience gained in this place divided by the number of levels of this place that you have seen.
                   A       B       C       D       E      F
               +-------+-------+-------+-------+-------+----------------------
         Total | 100.0 | 100.0 |   N/A |   N/A | 100.0 |  39.3
       Dungeon | 100.0 | 100.0 |   N/A |   N/A | 100.0 |  39.3
               +-------+-------+-------+-------+-------+----------------------
